[Event "Team 45 45 League T52"]
[Site "Internet Chess Club"]
[Date "2012.03.18"]
[Round "5"]
[White "clarinetref"]
[Black "WillC"]
[Result "1-0"]
[WhiteElo "1661"]
[BlackElo "1672"]
[Opening "Nimzovich-Larsen attack: classical variation"]
[ECO "A01"]
[Time "22:07:30"]
[TimeControl "2700+45"]

1. b3 d5 2. Bb2 Bf5 3. Nf3 e6 4. e3 Nf6 5. c4 Be7 6. Nc3 h6 7. Be2 O-O 8. O-O c5
9. cxd5 exd5 10. d4 Nc6 11. dxc5 Bxc5 12. Na4 Be7 13. Rc1 a6 14. Nc5 Qb6 15. Na4
Qb4 16. Nd4 Bd7 17. a3 Qa5 18. Bc3 Qc7 19. b4 Qd6 20. Nc5 Nxd4 21. Qxd4 Bc6 22.
Rfd1 Rfd8 23. Bf3 Ne8 24. Qg4 Bf6 25. Ne4 Qe7 26. Bxf6 Nxf6 27. Nxf6+ Qxf6 28.
Qd4 Qe6 29. Rd2 Rd7 30. Bg4 f5 31. Bh3 Re7 32. Qf4 Rf8 33. Qd4 Qg6 34. g3 Re4
35. Qc5 Qe6 36. Bg2 Rc4 37. Rxc4 dxc4 38. Bxc6 bxc6 39. Rc2 Rd8 40. Qxc4 Rd1+
41. Kg2 Qxc4 42. Rxc4 Rd6 43. h4 g6 44. g4 Kf7 45. gxf5 gxf5 46. Kf3 Kf6 47. Kf4
Re6 48. Rc5 Re4+ 49. Kg3 Re6 50. Ra5 Re4 51. Rxa6 Rg4+ 52. Kh3 h5 53. Rxc6+ Ke5
54. Rc5+ Ke4 55. Rc4+ Kf3 56. Rf4+ {Black resigns} 1-0

[Event "Team 45 45 League T52"]
[Site "Internet Chess Club"]
[Date "2012.03.19"]
[Round "5"]
[White "j65536d"]
[Black "AntMantis"]
[Result "0-1"]
[WhiteElo "1822"]
[BlackElo "2075"]
[Opening "French: Tarrasch, closed variation"]
[ECO "C05"]
[Time "20:30:41"]
[TimeControl "2700+45"]

1. e4 e6 2. d4 d5 3. Nd2 Nf6 4. e5 Nfd7 5. f4 c5 6. c3 Nc6 7. Ndf3 Qb6 8. b3
cxd4 9. cxd4 Bb4+ 10. Kf2 Bc3 11. Rb1 Bxd4+ 12. Kg3 Bf2+ 13. Kh3 f6 14. Bb2 fxe5
15. fxe5 Qe3 16. g3 Ndxe5 17. Nxe5 Nxe5 18. Qh5+ Nf7 19. Bb5+ Ke7 20. Kg2 Be1
21. Nh3 Qe4+ 22. Qf3 Qxf3+ 23. Kxf3 Bb4 24. Bxg7 Rg8 25. Bb2 e5 26. Nf2 Bf5 27.
Rbc1 Rac8 28. a3 Bd2 29. Rcd1 Rc2 30. Ba1 Ng5+ 31. Ke2 Bc3+ 32. Kf1 Bh3+ 33.
Nxh3 Rf8+ 34. Nf2 Rfxf2+ 35. Kg1 Nf3# {White checkmated} 0-1

[Event "Team 45 45 League T52"]
[Site "Internet Chess Club"]
[Date "2012.03.15"]
[Round "5"]
[White "bshribharath"]
[Black "Inquisiteur"]
[Result "1-0"]
[WhiteElo "1803"]
[BlackElo "1715"]
[Opening "Réti opening"]
[ECO "A05"]
[Time "08:13:52"]
[TimeControl "2700+45"]

1. Nf3 Nf6 2. g3 d5 3. Bg2 c6 4. O-O Bf5 5. d4 h6 6. c4 e6 7. Nc3 Nbd7 8. cxd5
exd5 9. Bf4 Be7 10. Rc1 O-O 11. Ne5 Nxe5 12. Bxe5 Bd6 13. Qb3 Rb8 14. Bxd6 Qxd6
15. Rfd1 Rfe8 16. Qa4 a6 17. b4 Ne4 18. e3 Qe7 19. Qb3 Bg4 20. Rd3 Ng5 21. Nb1
Nf3+ 22. Kh1 Qf6 23. Nd2 Nxd2 24. Rxd2 Bf3 25. a4 h5 26. h4 g5 27. hxg5 Bxg2+
28. Kxg2 Qxg5 29. Rh1 Re4 30. f4 Qg4 31. Rh4 Qe6 32. Rd3 Re8 33. Kf2 Qg6 34. Qc3
Kg7 35. Qd2 Kf6 36. Qe2 Rh8 37. g4 Rg8 38. g5+ Ke7 39. Rxh5 Kd7 40. Qg4+ Kc7 41.
Qh3 Qe6 42. Qxe6 Rxe6 43. Rh7 Re7 44. Rd1 Kb6 45. Rg1 Rge8 46. Rh3 a5 47. bxa5+
Kxa5 48. f5 Kxa4 49. g6 fxg6 50. fxg6 Rg7 51. Rh7 Reg8 52. Rxg7 Rxg7 53. Kf3 b5
54. Kf4 Kb4 55. Kf5 c5 56. dxc5 Kxc5 57. Rc1+ Kb4 58. Kf6 Rg8 59. g7 Kb3 60. Kf7
Rb8 61. g8=Q Rxg8 62. Kxg8 {Black resigns} 1-0

[Event "Team 45 45 League T52"]
[Site "Internet Chess Club"]
[Date "2012.03.15"]
[Round "5"]
[White "ChessicalZ"]
[Black "toukon"]
[Result "0-1"]
[WhiteElo "1812"]
[BlackElo "1731"]
[Opening "Sicilian: dragon, Yugoslav attack, Rauser variation"]
[ECO "B76"]
[Time "11:30:16"]
[TimeControl "2700+45"]

1. e4 c5 2. Nf3 d6 3. d4 cxd4 4. Nxd4 Nf6 5. Nc3 g6 6. Be3 Bg7 7. f3 O-O 8. Qd2
Nc6 9. O-O-O d5 10. exd5 Nxd5 11. Nxc6 bxc6 12. Bd4 Bxd4 13. Qxd4 Qb6 14. Bc4
Qxd4 15. Rxd4 Ne3 16. Rg1 Nxc4 17. Rxc4 Bb7 18. Rd1 Rfd8 19. Rcd4 Rxd4 20. Rxd4
Kf8 21. Rd7 Ba6 22. Kd2 Bf1 23. g3 Bc4 24. Ke3 Ke8 25. Rc7 Bb5 26. Nxb5 cxb5 27.
Kd4 Rd8+ 28. Kc5 a6 29. Kb6 Rd6+ 30. Rc6 Rd2 31. Kxa6 Rxh2 32. Kxb5 Rh3 33. a4
Kd7 34. Rc5 Rxg3 35. a5 Rg1 36. Kb6 Ra1 37. a6 h5 38. Rc4 g5 39. Kb7 h4 40. Rc8
Rxa6 41. Rh8 Ra2 42. b4 Rxc2 43. b5 Rf2 44. b6 Rxf3 45. Rc8 Rb3 46. Rc7+ Ke6 47.
Rc5 f6 48. Ka6 Rxb6+ 49. Kxb6 h3 50. Kb5 g4 51. Rh5 f5 52. Kc4 Ke5 53. Kd3 Kf4
54. Ke2 Kg3 55. Kf1 h2 56. Rh8 e5 57. Rh5 e4 58. Rh8 e3 59. Ke2 f4 60. Kf1 f3
61. Rh6 e2+ 62. Ke1 Kg2 63. Rxh2+ Kxh2 64. Kf2 g3+ 65. Kxf3 g2 66. Kxe2 g1=Q 67.
Kf3 Qg5 68. Ke4 Kg3 69. Kd3 Qf4 70. Kc3 Qe4 71. Kd2 Qf3 72. Kc2 Qe3 73. Kb2 Qd3
74. Kc1 Qe2 75. Kb1 Qd2 76. Ka1 Kf3 77. Kb1 Ke3 78. Ka1 Kd3 79. Kb1 Kc3 80. Ka1
Qb2# {White checkmated} 0-1

[Event "Team 45 45 League T52"]
[Site "Internet Chess Club"]
[Date "2012.03.19"]
[Round "5"]
[White "Sirian"]
[Black "BraafPaard"]
[Result "1-0"]
[WhiteElo "1604"]
[BlackElo "1513"]
[Opening "Bird: From gambit"]
[ECO "A02"]
[Time "09:17:27"]
[TimeControl "2700+45"]

1. f4 e5 2. f5 d5 3. e3 Bxf5 4. Bb5+ c6 5. Be2 Nf6 6. d3 Bd6 7. g4 Nxg4 8. h4 h5
9. b3 Be7 10. Bxg4 Bxh4+ 11. Kd2 Bxg4 12. Qf1 Bf6 13. Bb2 Nd7 14. Na3 e4 15. d4
Bg5 16. Ne2 Qf6 17. Qg1 Bxe2 18. Kxe2 g6 19. Rf1 Qe7 20. Nb1 Bh6 21. Kd1 Nf6 22.
Nc3 Ng4 23. Rh3 Rf8 24. Ne2 f5 25. Kc1 Kd7 26. Kb1 Rf7 27. Bc1 Raf8 28. Nf4 Bxf4
29. Rxf4 g5 30. Rf1 h4 31. Bd2 Rg8 32. Kb2 Nh6 33. Qf2 g4 34. Rxh4 g3 35. Qf4
Rg4 36. Rxg4 fxg4 37. Qxh6 Rxf1 38. Qg6 g2 39. Qxg4+ Ke8 40. Qxg2 Rf7 41. Qg4
Qd7 42. Qg8+ Rf8 43. Qg3 Kd8 44. Qb8+ Qc8 45. Qd6+ Ke8 46. Bb4 Rf7 47. Qg6 Qf5
48. Qg8+ Kd7 49. Qb8 Ke6 50. Qd6# {Black checkmated} 1-0

[Event "Team 45 45 League T52"]
[Site "Internet Chess Club"]
[Date "2012.03.16"]
[Round "5"]
[White "BigH"]
[Black "JustinSane"]
[Result "1-0"]
[WhiteElo "2145"]
[BlackElo "2110"]
[Opening "QGD: exchange, positional line, 6.Qc2"]
[ECO "D36"]
[Time "09:13:17"]
[TimeControl "2700+45"]

1. d4 d5 2. c4 e6 3. Nc3 Nf6 4. cxd5 exd5 5. Bg5 c6 6. Qc2 g6 7. e3 Bf5 8. Qb3
b6 9. Nf3 Be7 10. Be2 O-O 11. O-O a5 12. Rac1 Nbd7 13. Rfe1 Kg7 14. h3 Bd6 15.
Na4 b5 16. Nc5 Nxc5 17. dxc5 Bc7 18. Nd4 Bd7 19. f4 Qe7 20. Bf3 a4 21. Qc2 Ba5
22. Re2 h6 23. Bh4 Qe8 24. Bxf6+ Kxf6 25. e4 dxe4 26. Bxe4 Qc8 27. b4 axb3 28.
Qb2 {Black resigns} 1-0

[Event "Team 45 45 League T52"]
[Site "Internet Chess Club"]
[Date "2012.03.18"]
[Round "5"]
[White "fileman"]
[Black "zap2"]
[Result "1/2-1/2"]
[WhiteElo "1881"]
[BlackElo "1783"]
[Opening "Caro-Kann defense"]
[ECO "B10"]
[Time "15:43:40"]
[TimeControl "2700+45"]

1. e4 c6 2. e5 d5 3. exd6 exd6 4. d4 d5 5. Nf3 Bd6 6. Be2 Nf6 7. O-O O-O 8. Re1
Bf5 9. Bg5 Nbd7 10. Bd3 Bg4 11. Nbd2 Qc7 12. h3 Bxf3 13. Qxf3 h6 14. Bxf6 Nxf6
15. c3 Rfe8 16. Qf5 Bh2+ 17. Kh1 Qf4 18. Qxf4 Bxf4 19. Nb3 b6 20. g3 Bd6 21. Kg2
Ne4 22. Bxe4 dxe4 23. Rad1 f5 24. d5 c5 25. f3 e3 26. f4 Re4 27. Kf3 Rae8 28.
Nc1 g5 29. Ne2 Kf7 30. b3 gxf4 31. Nxf4 Bxf4 32. gxf4 e2 33. Rd3 b5 34. d6 c4
35. Rd5 Ke6 36. Rxb5 Kxd6 37. Rxf5 Re3+ 38. Kf2 Rxh3 39. bxc4 Rxc3 40. Rxe2
Rxe2+ 41. Kxe2 Rxc4 42. Ke3 Ra4 43. Rh5 Rxa2 44. Rxh6+ Ke7 45. Ke4 a5 46. Ra6 a4
47. Ke5 a3 48. Ra7+ Kf8 49. Kf6 Ke8 50. f5 Ra1 51. Re7+ Kf8 52. Ra7 Ke8 53. Ke6
Re1+ 54. Kd5 Ra1 55. Ke5 a2 56. Kf6 Kd8 57. Ra3 Ke8 58. Ra7 Kd8 59. Ra3 Ke8 60.
Ra7 {Game drawn by repetition} 1/2-1/2

[Event "Team 45 45 League T52"]
[Site "Internet Chess Club"]
[Date "2012.03.17"]
[Round "5"]
[White "jantonio"]
[Black "hcube"]
[Result "1-0"]
[WhiteElo "1737"]
[BlackElo "1681"]
[Opening "Réti: King's Indian attack (Barcza system)"]
[ECO "A07"]
[Time "19:00:11"]
[TimeControl "2700+45"]

1. Nf3 d5 2. g3 c6 3. Bg2 Nf6 4. O-O Bf5 5. d3 Nbd7 6. Nbd2 g6 7. Nd4 e6 8. Nxf5
exf5 9. Nf3 Bg7 10. c3 O-O 11. Qb3 Qc8 12. Qb4 Re8 13. Re1 a5 14. Qh4 Ng4 15. h3
Nge5 16. Ng5 Nxd3 17. Qxh7+ Kf8 18. Be3 Nf6 19. Qh4 Rxe3 20. exd3 Rxd3 21. Bf1
Rd2 22. Rab1 Ne4 23. Nxe4 dxe4 24. Qf4 Qd7 25. Bc4 Kg8 26. a4 Rd8 27. Bb3 Qe7
28. Red1 R2d3 29. Rxd3 Rd4 30. Rxd4 {Black resigns} 1-0

[Event "Team 45 45 League T52"]
[Site "Internet Chess Club"]
[Date "2012.03.14"]
[Round "5"]
[White "fireball"]
[Black "gandre"]
[Result "0-1"]
[WhiteElo "1671"]
[BlackElo "1653"]
[Opening "French: Tarrasch"]
[ECO "C03"]
[Time "19:01:19"]
[TimeControl "2700+45"]

1. e4 e6 2. d4 d5 3. Nd2 Be7 4. Ngf3 Nf6 5. e5 Nfd7 6. Bd3 c5 7. c3 Nc6 8. O-O
a5 9. Qa4 cxd4 10. cxd4 Nb6 11. Qd1 g5 12. Bb5 Bd7 13. Bxc6 Bxc6 14. Ne1 Bb5 15.
Qh5 Bxf1 16. Nxf1 h6 17. f4 gxf4 18. Bxf4 Bg5 19. Nd3 Rc8 20. Bxg5 Qxg5 21. Qe2
Nd7 22. Nf2 Rg8 23. Ng3 Rc1+ 24. Rxc1 Qxc1+ 25. Nf1 Qc4 26. Qxc4 dxc4 27. Ne4 b6
28. h3 Ke7 29. Nd6 f6 30. Nxc4 fxe5 31. dxe5 Rc8 32. Nfe3 Rc5 33. Kf2 Nxe5 34.
Nxe5 Rxe5 35. Nc4 Rb5 36. b3 a4 37. Nd2 axb3 38. Nxb3 Kf6 39. g4 h5 40. Kg3 hxg4
41. hxg4 Rb4 42. Nd2 Ra4 43. Nf3 Rxa2 44. g5+ Kg7 45. Kf4 Re2 46. Ne5 b5 47. Nd3
Kg6 48. Ne5+ Rxe5 49. Kxe5 Kxg5 50. Kd4 Kf4 51. Kc5 Ke4 52. Kxb5 Kd3 {White
resigns} 0-1

[Event "Team 45 45 League T52"]
[Site "Internet Chess Club"]
[Date "2012.03.17"]
[Round "5"]
[White "lasker25"]
[Black "primerpaso"]
[Result "1/2-1/2"]
[WhiteElo "1923"]
[BlackElo "1889"]
[Opening "Sicilian: closed"]
[ECO "B24"]
[Time "12:00:31"]
[TimeControl "2700+45"]

1. e4 c5 2. Nc3 Nc6 3. g3 g6 4. Bg2 Bg7 5. d3 e6 6. Be3 b6 7. Qd2 Bb7 8. Nge2
Nd4 9. Bxd4 cxd4 10. Nb5 d6 11. Qb4 Ke7 12. f4 Nh6 13. Nbxd4 Qd7 14. O-O Rhc8
15. Bh3 Qc7 16. e5 a6 17. c3 Rab8 18. Qxd6+ Qxd6 19. exd6+ Kxd6 20. Nf3 b5 21.
Ng5 b4 22. Bg2 bxc3 23. bxc3 Bxg2 24. Kxg2 Rb2 25. Kf3 f5 26. Rfb1 Rcb8 27. Rxb2
Rxb2 28. h3 Ng8 29. Nf7+ Kd5 30. d4 Nf6 31. Ne5 Ne4 32. c4+ Kd6 33. Ke3 a5 34.
g4 Bf6 35. gxf5 exf5 36. Nd3 Rc2 37. Ne5 Bh4 38. d5 {Game drawn by mutual
agreement} 1/2-1/2

[Event "Team 45 45 League T52"]
[Site "Internet Chess Club"]
[Date "2012.03.18"]
[Round "5"]
[White "jjmolina"]
[Black "vaknight"]
[Result "1-0"]
[WhiteElo "1880"]
[BlackElo "1754"]
[Opening "French defense"]
[ECO "B41"]
[Time "14:15:05"]
[TimeControl "2700+45"]

1. e4 e6 2. d4 c5 3. Nf3 Nf6 4. Nc3 Qb6 5. d5 exd5 6. Nxd5 Nxd5 7. Qxd5 d6 8.
Ng5 Qc7 9. Bc4 Be6 10. Nxe6 fxe6 11. Qxe6+ Qe7 12. Qc8+ Qd8 13. Bf7+ {Black
resigns} 1-0

[Event "Team 45 45 League T52"]
[Site "Internet Chess Club"]
[Date "2012.03.15"]
[Round "5"]
[White "Heian"]
[Black "rayonline53"]
[Result "0-1"]
[WhiteElo "1780"]
[BlackElo "1624"]
[Opening "French: advance, Euwe variation"]
[ECO "C02"]
[Time "19:30:33"]
[TimeControl "2700+45"]

1. e4 e6 2. d4 d5 3. e5 c5 4. c3 Nc6 5. Nf3 Bd7 6. Bd3 cxd4 7. cxd4 Qb6 8. O-O
Nb4 9. Be2 Rc8 10. Nc3 a6 11. a3 Nc6 12. Na4 Qa7 13. b4 Nge7 14. Nc5 Nf5 15. g4
Nfe7 16. Be3 Rc7 17. Bd3 Nc8 18. Rc1 Be7 19. Bb1 b6 20. Nxd7 Kxd7 21. Bd3 b5 22.
Qd2 Nb6 23. Bg5 Nc4 24. Bxc4 bxc4 25. Bxe7 Nxe7 26. Rc3 Qb8 27. Qg5 Ng6 28. Nh4
Qd8 29. Qxd8+ Kxd8 30. Nxg6 hxg6 31. Kg2 Ke7 32. f4 Rcc8 33. h3 f5 34. exf6+
gxf6 35. Re1 Kd6 36. Rce3 Rce8 37. Kf2 f5 38. gxf5 gxf5 39. Rg3 Re7 40. Ree3 Kc6
41. Ke2 Kd6 42. Kd2 Rh4 43. Ref3 Rh8 44. Rg1 Reh7 45. Rh1 Rg7 46. Rh2 Rg1 47.
Kc3 Rb1 48. Kc2 Ra1 49. Kb2 Rd1 50. Kc3 Ra1 51. Kb2 Rd1 52. Kc3 Ra1 53. Kc2 Ra2+
54. Kc3 Rxh2 55. a4 R2xh3 56. Rxh3 {White resigns} 0-1

[Event "Team 45 45 League T52"]
[Site "Internet Chess Club"]
[Date "2012.03.15"]
[Round "5"]
[White "mmf00"]
[Black "Tobiasdelmonte"]
[Result "1-0"]
[WhiteElo "1924"]
[BlackElo "1825"]
[Opening "Sicilian: Alapin's variation (2.c3)"]
[ECO "B22"]
[Time "22:10:06"]
[TimeControl "2700+45"]

1. e4 c5 2. c3 d5 3. exd5 Qxd5 4. d4 Nf6 5. Nf3 e6 6. Be3 cxd4 7. cxd4 Nc6 8.
Nc3 Qd6 9. Bc4 Be7 10. O-O O-O 11. a3 a6 12. Qe2 b5 13. Ba2 Bb7 14. Rad1 b4 15.
axb4 Nxb4 16. Bb3 Rac8 17. Ne5 a5 18. Bc4 Rfd8 19. Nb5 Qb8 20. Bg5 Rxc4 21. Nxc4
Bxg2 22. Kxg2 Qxb5 23. Be3 Rd5 24. Rfe1 Rh5 25. Ne5 Qb7+ 26. Qf3 Nbd5 27. Bc1
Rf5 28. Qg3 Ne3+ 29. Kg1 Nxd1 30. Rxd1 Ne4 31. Qg2 Rxf2 32. Qh1 f5 33. Nd3 Rc2
34. Qf3 Qc7 35. Bf4 Qc4 36. Ne5 Qd5 37. Qh5 Rg2+ 38. Kxg2 Nc3+ 39. Kg1 g6 40.
Nxg6 Ne2+ 41. Qxe2 hxg6 42. Qg2 {Black resigns} 1-0

[Event "Team 45 45 League T52"]
[Site "Internet Chess Club"]
[Date "2012.03.18"]
[Round "5"]
[White "quotha"]
[Black "ryan2chess"]
[Result "0-1"]
[WhiteElo "1656"]
[BlackElo "1769"]
[Opening "English: symmetrical variation"]
[ECO "A38"]
[Time "10:15:23"]
[TimeControl "2700+45"]

1. g3 c5 2. c4 g6 3. Bg2 Bg7 4. Nf3 Nc6 5. Nc3 Nf6 6. e3 O-O 7. d4 cxd4 8. exd4
d5 9. b3 Bg4 10. Be3 e6 11. O-O Ne4 12. Ne2 Qf6 13. Nf4 g5 14. Nh3 Qf5 15. Nhxg5
Nxg5 16. Nh4 Bxd1 17. Nxf5 Nf3+ 18. Kh1 exf5 19. Raxd1 Ncxd4 20. Bxf3 Nxf3 21.
Rxd5 Rad8 22. Kg2 Rxd5 23. cxd5 Ne5 24. Rd1 Rd8 25. Bxa7 Ng4 26. Bb6 Rd7 27. h3
Nf6 28. d6 Bf8 29. Bc7 Ne8 30. Rd5 Nxc7 31. dxc7 Rxc7 32. Rxf5 Rc5 33. Rxc5 Bxc5
34. f4 f5 35. Kf3 Kf7 36. g4 Kf6 37. a4 Bd6 38. h4 Bc7 39. b4 Bd8 40. g5+ Kg6
41. Ke3 Bc7 42. Kf3 Kh5 43. Kg3 Bd6 44. b5 Bc7 45. Kh3 b6 46. Kg3 Bd6 {White
resigns} 0-1

[Event "Team 45 45 League T52"]
[Site "Internet Chess Club"]
[Date "2012.03.19"]
[Round "5"]
[White "zigzag2002"]
[Black "vigneshv"]
[Result "1-0"]
[WhiteElo "1771"]
[BlackElo "1512"]
[Opening "French: Tarrasch, closed variation"]
[ECO "C05"]
[Time "18:02:48"]
[TimeControl "2700+45"]

1. e4 e6 2. d4 d5 3. Nd2 Nf6 4. e5 Nfd7 5. Bd3 c5 6. c3 Qb6 7. Ne2 Nc6 8. Nf3 f6
9. exf6 Nxf6 10. Bg5 Qxb2 11. Bxf6 gxf6 12. O-O cxd4 13. Nfxd4 Nxd4 14. Nxd4
Qxc3 15. Nb5 Qe5 16. Re1 Qb8 17. Qh5+ Ke7 18. Rac1 Bd7 19. Nc7 Be8 20. Rxe6+ Kd7
21. Qxd5+ Kc8 22. Rxe8# {Black checkmated} 1-0

[Event "Team 45 45 League T52"]
[Site "Internet Chess Club"]
[Date "2012.03.21"]
[Round "5"]
[White "SlimeDog2"]
[Black "fledermaus"]
[Result "1-0"]
[WhiteElo "2126"]
[BlackElo "1865"]
[Opening "Réti: King's Indian attack, Yugoslav variation"]
[ECO "A07"]
[Time "19:31:35"]
[TimeControl "2700+45"]

1. Nf3 d5 2. g3 Nf6 3. Bg2 c6 4. O-O Bg4 5. h3 Bh5 6. b3 Nbd7 7. Bb2 e6 8. c4
Bd6 9. Nc3 O-O 10. d4 Qe7 11. Nh4 Rad8 12. cxd5 exd5 13. Nf5 Qe6 14. Nxd6 Qxd6
15. a4 Rfe8 16. f4 h6 17. g4 Bg6 18. f5 Bh7 19. Qd2 Ne4 20. Nxe4 dxe4 21. e3 g6
22. Rf4 gxf5 23. gxf5 Qd5 24. Bxe4 Rxe4 25. Qg2+ Kh8 26. Qxe4 Qxe4 27. Rxe4 Bxf5
28. Rf4 Bg6 29. d5+ Kg8 30. dxc6 bxc6 31. Rd1 Bc2 32. Rd2 Bxb3 33. Bf6 Nxf6 34.
Rxd8+ Kg7 {Black resigns} 1-0

[Event "Team 45 45 League T52"]
[Site "Internet Chess Club"]
[Date "2012.03.18"]
[Round "5"]
[White "plutonas"]
[Black "diegoami"]
[Result "1-0"]
[WhiteElo "1560"]
[BlackElo "1721"]
[Opening "Sicilian: closed"]
[ECO "B23"]
[Time "17:00:36"]
[TimeControl "2700+45"]

1. e4 c5 2. Nc3 e6 3. d3 d5 4. g3 Nc6 5. Bg2 Nf6 6. f4 Be7 7. Nf3 dxe4 8. dxe4
Qxd1+ 9. Kxd1 O-O 10. e5 Nd5 11. Nxd5 exd5 12. Bd2 Bf5 13. c3 Rfd8 14. Ke2 Rac8
15. Kf2 d4 16. cxd4 cxd4 17. Rac1 d3 18. Rhf1 Nb4 19. Rxc8 Rxc8 20. Rc1 Rxc1 21.
Bxc1 Nxa2 22. Be3 b6 23. Nd4 Bd7 24. Be4 Nb4 25. Ke1 Bc5 26. Kd2 a5 27. Bxd3
Nxd3 28. Kxd3 Kf8 29. Nc2 Bxe3 30. Nxe3 b5 31. Kc3 Ke7 32. Nd5+ Kd8 33. Kd4 Bc6
34. Kc5 Kd7 35. f5 Bb7 36. Nb6+ Kc7 37. Kxb5 Be4 38. g4 Bf3 39. g5 Be4 40. f6
gxf6 41. gxf6 a4 42. Nxa4 Bc6+ 43. Kb4 Bg2 44. Kc5 Kd7 45. Nb6+ Ke6 46. Kd4 Kf5
47. b4 Bc6 48. Nc8 Ke6 49. Nd6 Bd7 50. Nc4 Ba4 51. Kc5 Bb3 52. b5 {Black
resigns} 1-0

[Event "Team 45 45 League T52"]
[Site "Internet Chess Club"]
[Date "2012.03.18"]
[Round "5"]
[White "DARKwizard1"]
[Black "koni"]
[Result "1/2-1/2"]
[WhiteElo "2053"]
[BlackElo "1911"]
[Opening "French: Winawer, advance variation"]
[ECO "C18"]
[Time "12:03:38"]
[TimeControl "2700+45"]

1. e4 e6 2. d4 d5 3. Nc3 Bb4 4. e5 c5 5. a3 Bxc3+ 6. bxc3 Qa5 7. Bd2 Qa4 8. Rb1
c4 9. Bc1 Nc6 10. g3 b6 11. Ne2 Bd7 12. Bh3 O-O-O 13. O-O f6 14. f4 h6 15. Ra1
f5 16. Bg2 Nge7 17. Be3 Rdg8 18. Qd2 Nd8 19. Kf2 Nf7 20. Qc1 g5 21. Qb2 Nc6 22.
Rg1 g4 23. Rgb1 h5 24. Nc1 h4 25. Na2 hxg3+ 26. hxg3 Rh2 27. Rh1 Rgh8 28. Rxh2
Rxh2 29. Kg1 Rh7 30. Nb4 Nfd8 31. Kf2 Kc7 32. Kg1 {Game drawn by mutual
agreement} 1/2-1/2

[Event "Team 45 45 League T52"]
[Site "Internet Chess Club"]
[Date "2012.03.19"]
[Round "5"]
[White "kabindra"]
[Black "SimplyClaudia"]
[Result "0-1"]
[WhiteElo "1734"]
[BlackElo "1874"]
[Opening "French: Tarrasch, closed variation"]
[ECO "C05"]
[Time "14:01:32"]
[TimeControl "2700+45"]

1. e4 e6 2. d4 d5 3. Nd2 Nf6 4. e5 Nfd7 5. Bd3 c5 6. c3 Nc6 7. Ne2 Qb6 8. Nf3
cxd4 9. cxd4 f6 10. exf6 Nxf6 11. O-O Bd6 12. a3 a5 13. b3 O-O 14. Bc2 Bd7 15.
Qd3 Ne7 16. Ng3 Bxg3 17. hxg3 Bb5 18. Qe3 Bxf1 19. Kxf1 Rac8 20. Qe2 Nf5 21.
Bxf5 exf5 22. Qe5 Qb5+ 23. Kg1 Ne4 24. Qe6+ Kh8 25. Qe7 Qxb3 26. Bf4 Qb2 27. Rf1
b5 28. Ne5 Rce8 29. Nf7+ Kg8 30. Qd7 Nf6 31. Qxf5 Rxf7 32. Be5 Ne4 33. Qh5 Ref8
34. f4 Nxg3 {White resigns} 0-1

[Event "Team 45 45 League T52"]
[Site "Internet Chess Club"]
[Date "2012.03.17"]
[Round "5"]
[White "Mobtaker"]
[Black "Portola"]
[Result "1-0"]
[WhiteElo "1712"]
[BlackElo "1711"]
[Opening "QGD: Tartakower (Makagonov-Bondarevsky) system"]
[ECO "D58"]
[Time "09:00:42"]
[TimeControl "2700+45"]

1. d4 d5 2. c4 e6 3. Nc3 Nf6 4. Bg5 Be7 5. e3 O-O 6. Nf3 h6 7. Bh4 b6 8. Qc2 Bb7
9. cxd5 Nxd5 10. Nxd5 exd5 11. Bxe7 Qxe7 12. a3 c5 13. Bd3 Nd7 14. O-O a6 15.
Rac1 Rac8 16. Qe2 c4 17. Bf5 Rc7 18. Bxd7 Qxd7 19. Ne5 Qe7 20. Rc3 b5 21. f4 Bc8
22. f5 Qg5 23. e4 dxe4 24. f6 Bf5 25. fxg7 Re8 26. Qf2 Be6 27. Rg3 Qh4 28. Ng6
Qh5 29. Nf4 Qf5 30. Qe3 Qh7 31. Nh5 {Black resigns} 1-0

[Event "Team 45 45 League T52"]
[Site "Internet Chess Club"]
[Date "2012.03.19"]
[Round "5"]
[White "cys456"]
[Black "ILRE"]
[Result "0-1"]
[WhiteElo "1673"]
[BlackElo "1728"]
[Opening "French: advance, Euwe variation"]
[ECO "C02"]
[Time "19:04:50"]
[TimeControl "2700+45"]

1. e4 e6 2. d4 d5 3. e5 c5 4. c3 Nc6 5. Nf3 Bd7 6. a3 c4 7. Be2 Nge7 8. O-O Ng6
9. Be3 Be7 10. Nbd2 O-O 11. b3 cxb3 12. Nxb3 Rc8 13. Qd2 Na5 14. Nxa5 Qxa5 15.
Rfc1 Bb5 16. c4 Qxd2 17. Nxd2 dxc4 18. Bxc4 Bc6 19. f3 Rfd8 20. Ne4 Nh4 21. Ng3
Ng6 22. Ne4 h6 23. g3 Bf8 24. h4 Ne7 25. Nd6 Ra8 26. Kf2 Nd5 27. Bxd5 Bxd5 28.
Ne4 Rac8 29. a4 Bb4 30. g4 a5 31. Ng3 Rc6 32. f4 Rdc8 33. Rxc6 Rxc6 34. Rc1 Rxc1
35. Bxc1 Bb3 36. f5 Bxa4 37. fxe6 fxe6 38. Ne4 Bc6 39. Nc5 Bd5 40. Ke2 Kf7 41.
Kd3 Kg6 42. g5 Be1 {White resigns} 0-1